 Dungeon Crawl Stone Soup version 0.28-a0-620-g539b0f7ac7 (webtiles) character file.

Game seed: 5682541703387614258

692 Rennog the Thaumaturge (level 7, 0/36 HPs)
             Began as a Deep Elf Air Elementalist on Oct 6, 2021.
             Was an Initiate of Sif Muna.
             Slain by a wyvern zombie (14 damage)
             ... on level 6 of the Dungeon.
             The game lasted 00:08:14 (4964 turns).

Rennog the Thaumaturge (Deep Elf Air Elementalist)  Turns: 4964, Time: 00:08:14

Health: 0/36       AC:  4    Str: 15    XL:     7   Next: 36%
Magic:  14/20      EV: 14    Int: 20    God:    Sif Muna [......]
Gold:   94         SH:  0    Dex: 16    Spells: 12/22 levels left

rFire   x . .      SeeInvis .   l - +0 short sword (flame)
rCold   + . .      Faith    .   (no shield)
rNeg    . . .      Spirit   .   p - +2 robe "Maokoec" {rF- rC+ Str+9}
rPois   .          Reflect  .   (no helmet)
rElec   .          Harm     .   (no cloak)
rCorr   .          Rampage  .   (no gloves)
Will    +....                   (no boots)
Stlth   ++........              h - amulet of regeneration
HPRegen 1.12/turn               j - ring of willpower
MPRegen 0.17/turn               (no ring)

@: no status effects
A: no striking features
a: Renounce Religion


You were on level 6 of the Dungeon.
You worshipped Sif Muna.
Sif Muna was noncommittal.
You visited 1 branch of the dungeon, and saw 6 of its levels.

You collected 253 gold pieces.
You spent 159 gold pieces at shops.

Inventory:

Hand Weapons
 l - a +0 short sword of flaming (weapon)
Armour
 a - a +0 robe
 p - the +2 robe "Maokoec" (worn) {rF- rC+ Str+9}
   (You bought it in a shop on level 6 of the Dungeon)

   Str:       It affects your strength (+9).
   rF:        It makes you vulnerable to fire.
   rC:        It protects you from cold.
Jewellery
 f - a ring of ice
 h - an amulet of regeneration (around neck)
 j - a ring of willpower (left hand)
 k - a ring of protection from fire
Scrolls
 b - 3 scrolls of identify {unknown}
 d - a scroll of enchant armour {unknown}
 e - 3 scrolls of immolation {unknown}
 g - a scroll of enchant weapon {unknown}
 m - a scroll of teleportation {unknown}
 n - a scroll of torment {unknown}
Potions
 c - 2 potions of degeneration {unknown}
 i - 3 potions of curing {unknown}
 o - 2 potions of might {unknown}


   Skills:
 + Level 5.4 Dodging
 - Level 2.4 Stealth
 * Level 8.1 Spellcasting
 - Level 1.1 Conjurations
 + Level 5.0 Air Magic


You had 12 spell levels left.
You knew the following spells:

 Your Spells              Type           Power      Damage    Failure   Level
a - Shock                 Conj/Air       80%        1d8       2%          1
b - Static Discharge      Conj/Air       20%        N/A       3%          2
c - Swiftness             Air            28%        N/A       3%          3
d - Airstrike             Air            14%        N/A       11%         4

Your spell library contained the following spells:

 Spells                   Type           Power      Damage    Failure   Level


Dungeon Overview and Level Annotations

Branches:
Dungeon (6/15)
 Temple: D:4-7

Altars:
Fedhas
Hepliaklqana
Okawaru
Sif Muna

Shops:
D:6 [

Annotations:
D:5 Ijyb


Message History

The wyvern zombie is moderately damaged.
Casting: Shock (safe; 2% risk of failure)
Confirm with . or Enter, or press ? or * to list all spells.
You can't see any susceptible monsters within range! (Use Z to cast anyway.)
The zap hits the wyvern zombie!
The wyvern zombie is heavily damaged.
Unknown command.
Casting: Shock (safe; 2% risk of failure)
Confirm with . or Enter, or press ? or * to list all spells.
The wyvern zombie is struck by an arc of lightning.
The wyvern zombie is severely damaged.
The lightning grounds out.
The wyvern zombie bites you! x2
Unknown command.
Casting: Static Discharge (safe; 3% risk of failure)
Confirm with . or Enter, or press ? or * to list all spells.
The wyvern zombie is struck by an arc of lightning.
The wyvern zombie is severely damaged.
You are struck by an arc of lightning.
The lightning grounds out.
The wyvern zombie barely misses you.
You hit the wyvern zombie. You burn the wyvern zombie.
The wyvern zombie is almost destroyed.
The wyvern zombie closely misses you.
Your magical contamination has completely faded away.
You hit the wyvern zombie but do no damage.
The wyvern zombie is almost destroyed.
The wyvern zombie closely misses you. The wyvern zombie bites you.
You barely miss the wyvern zombie.
The wyvern zombie is almost destroyed.
The wyvern zombie bites you but does no damage.
You barely miss the wyvern zombie.
The wyvern zombie is almost destroyed.
The wyvern zombie barely misses you. The wyvern zombie bites you.
You hit the wyvern zombie but do no damage.
The wyvern zombie is almost destroyed.
The wyvern zombie misses you.
You hit the wyvern zombie. You burn the wyvern zombie.
The wyvern zombie is almost destroyed.
The wyvern zombie completely misses you.
The wyvern zombie bites you!
You die...

#.... ..... ......
...... # #####......
... ####8...8.....
(....###.............
......Z@.....<.......
......###............
..$.. #8...∩...8.....
.... #.......#......
... .....>....#......
.. .....(......>.....
. ...#8...8.........
...##..........#.# ..
#..........#


You could see a wyvern zombie.

Vanquished Creatures
  A necrophage (D:4)
  An ogre (D:4)
  A phantom (D:4)
  3 scorpions (D:5)
  A water moccasin skeleton (D:4)
  A hound (D:5)
  A centaur skeleton (D:3)
  An orc wizard (D:4)
  5 adders
  A worm (D:2)
  2 dart slugs
  9 orcs
  6 bats
  6 endoplasms
  4 giant cockroaches
  5 goblins
  10 hobgoblins
  2 jackals (D:1)
  A quokka (D:2)
  3 ball pythons
  6 frilled lizards
  A jackal skeleton (D:4)
  4 kobolds
  6 rats (D:1)
  A spectral goblin (D:4)
82 creatures vanquished.

Vanquished Creatures (others)
  4 toadstools (D:2)
4 creatures vanquished.

Grand Total: 86 creatures vanquished

Notes
Turn   | Place    | Note
-------+----------+-------------------------------------------
     0 | D:1      | Rennog the Deep Elf Air Elementalist began the quest for
                  | the Orb.
     0 | D:1      | Reached XP level 1. HP: 10/10 MP: 6/6
   144 | D:1      | Found a faded altar of an unknown god.
   306 | D:1      | Reached XP level 2. HP: 15/15 MP: 3/8
   702 | D:1      | Learned a level 2 spell: Static Discharge
   824 | D:1      | Reached skill level 4 in Spellcasting
   902 | D:1      | Reached XP level 3. HP: 19/19 MP: 3/10
  1812 | D:2      | Reached XP level 4. HP: 18/24 MP: 3/12
  2181 | D:3      | Found an iron altar of Okawaru.
  2254 | D:3      | Found a blossoming altar of Fedhas.
  2332 | D:3      | Reached skill level 5 in Spellcasting
  3053 | D:4      | Reached XP level 5. HP: 15/28 MP: 3/15
  3134 | D:4      | Noticed a necrophage
  3193 | D:4      | Noticed an ogre
  3202 | D:4      | Killed an ogre
  3203 | D:4      | Reached skill level 6 in Spellcasting
  3472 | D:4      | Reached XP level 6. HP: 23/32 MP: 9/17
  3640 | D:4      | Learned a level 3 spell: Swiftness
  3853 | D:4      | Reached skill level 7 in Spellcasting
  4043 | D:4      | Found a hazy altar of Hepliaklqana.
  4173 | D:5      | Entered Level 5 of the Dungeon
  4220 | D:5      | Reached skill level 5 in Dodging
  4336 | D:5      | Found a shimmering blue altar of Sif Muna.
  4344 | D:5      | Became a worshipper of Sif Muna the Loreminder
  4354 | D:5      | Reached XP level 7. HP: 31/36 MP: 11/20
  4471 | D:4      | Learned a level 4 spell: Airstrike
  4488 | D:5      | Noticed Ijyb
  4634 | D:5      | Reached skill level 8 in Spellcasting
  4634 | D:5      | Reached skill level 5 in Air Magic
  4936 | D:6      | Found Boen's Antique Armour Shoppe.
  4939 | D:6      | Bought a bloodstained robe for 159 gold pieces
  4939 | D:6      | Identified the +2 robe "Maokoec" {rF- rC+ Str+9} (You
                  | bought it in a shop on level 6 of the Dungeon)
  4964 | D:6      | Slain by a wyvern zombie

Illustrated notes

Levels and vault maps discovered:
D:1:      tarquinn_simple_flora_water_a, layout_basic,
          hellmonk_ecumenical_altar_crossroads, minmay_misc_feat_encased,
          st_stairs_11
D:2:      layout_loops_cross, serial_glass, glass_columns_b, glass_columns_a,
          minmay_gold_behind_fungi, minmay_misc_feat_enclosed
D:3:      layout_loops_cross, mainiacjoe_overflow_24_doors, lemuel_tele_altar
D:4:      layout_rooms, nicolae_hepliaklqana_monster_ancestors, minmay_ruptured
D:5:      layout_gridville, mainiacjoe_overflow_boulevard, elyvilon_altar_3,
          uniq_ijyb
D:6:      layout_rooms, nemelex_spade_bored_becter, temple_fountains,
          advil_vaults_ghost_lines, nicolae_stop_n_shop_1, sigmund_army

Skill      XL: |  1  2  3  4  5  6  7 |
---------------+----------------------+-----
Spellcasting   | 4 5 6 7 8 |  8.1
Dodging        | 3 4 5 |  5.4
Air Magic      | 4 5 |  5.0
Stealth        | |  2.4
Conjurations   | |  1.1

Action                   |  1- 3 |  4- 6 |  7- 9 || total
-------------------------+-------+-------+-------++-------
Melee: Unarmed           |     9 |       |       ||     9
       Short sword       |       |    11 |     6 ||    17
 Cast: Shock             |    97 |    95 |    17 ||   209
       Static Discharge  |     2 |    22 |     6 ||    30
Armor: Robe              |     2 |     4 |     2 ||     8
Dodge: Dodged            |    16 |    33 |     7 ||    56

Table legend: (Time is in decaauts)
 A = Elapsed time spent in this place.
 B = Non-inter-level travel time spent in this place.
 C = Inter-level travel time spent in this place.
 D = Time resting spent in this place.
 E = Time spent auto-exploring this place.
 F = Levels seen in this place.
 G = Mean time per level.
                   A        B        C        D        E       F      G
               +--------+--------+--------+--------+--------+-----+--------+
         Total |   4969 |   4676 |    293 |     67 |   4045 |   6 |  828.2 |
       Dungeon |   4969 |   4676 |    293 |     67 |   4045 |   6 |  828.2 |
               +--------+--------+--------+--------+--------+-----+--------+

Top non-repeatable levels by time:
     D:3: 1106 daAuts
     D:2: 1053 daAuts
     D:1: 1052 daAuts
     D:4: 1034 daAuts
     D:5: 694 daAuts
     D:6: 28 daAuts
